 Dungeon Crawl Stone Soup version 0.29.1-15-g9cfb28693d (webtiles) character file.

Game seed: 12846950291367940914

77 growler the Conjurer (level 4, -1/24 HPs)
             Began as a Deep Elf Conjurer on Mar 10, 2023.
             Slain by a goblin
             ... wielding a +0 club
             ... led by Robin
              (5 damage)
             ... on level 2 of the Dungeon.
             The game lasted 00:04:29 (1721 turns).

growler the Conjurer (Deep Elf Conjurer)            Turns: 1721, Time: 00:04:30

Health: -1/24      AC:  2    Str:  4    XL:     4   Next: 14%
Magic:  5/12       EV: 12    Int: 25    God:
Gold:   108        SH:  0    Dex: 13    Spells: 2/12 levels left

rFire   . . .      SeeInvis .   (no weapon)
rCold   . . .      Faith    .   (no shield)
rNeg    . . .      Spirit   .   a - +0 robe
rPois   .          Reflect  .   (no helmet)
rElec   .          Harm     .   (no cloak)
rCorr   .          Rampage  .   (no gloves)
Will    .....                   (no boots)
Stlth   ++........              (no amulet)
HPRegen 0.08/turn               (no ring)
MPRegen 0.13/turn               (no ring)

@: very slightly contaminated
A: no striking features
a: no special abilities


You were on level 2 of the Dungeon.
You visited 1 branch of the dungeon, and saw 2 of its levels.

You collected 108 gold pieces.

Inventory:

Armour
 a - a +0 robe (worn)
Jewellery
 l - a ring of resist corrosion
Scrolls
 e - 4 scrolls of identify {unknown}
 f - 2 scrolls of enchant armour {unknown}
 g - 3 scrolls of poison {unknown}
 h - a scroll of immolation {unknown}
 k - a scroll of magic mapping {unknown}
 o - a scroll of enchant weapon {unknown}
 q - a scroll of noise {unknown}
 s - a scroll of amnesia {unknown}
Potions
 b - a potion of magic
 c - 2 potions of haste {unknown}
 d - a potion of heal wounds {unknown}
 i - a potion of invisibility {unknown}
 j - a potion of lignification {unknown}
 m - a potion of flight {unknown}
 n - a potion of curing {unknown}
 p - a potion of berserk rage {unknown}
 r - a potion of cancellation {unknown}
 t - a potion of brilliance {unknown}


   Skills:
 - Level 2.4 Dodging
 - Level 2.4 Stealth
 + Level 4.8 Spellcasting
 + Level 5.4 Conjurations


You had 2 spell levels left.
You knew the following spells:

 Your Spells              Type           Power      Damage    Failure   Level
a - Magic Dart            Conj           100%       1d8       1%          1
b - Searing Ray           Conj           66%        2d6       1%          2
c - Dazzling Flash        Conj/Hex       38%        N/A       9%          3
d - Fulminant Prism       Conj/Hex       9%         3d7       28%         4

Your spell library contained the following spells:

 Spells                   Type           Power      Damage    Failure   Level
 Iskenderun's Mystic Bla  Conj/Tloc      19%        2d6       28%         4


Dungeon Overview and Level Annotations

Branches:
Dungeon (2/15)

Altars:

Annotations:
D:2 Robin, Sigmund


Message History

The hobgoblin shouts!
You hear a shout! x3
A goblin comes into view. It is wielding a +0 dagger.
A hobgoblin comes into view.
Robin of the Strong Arm comes into view.
They are wielding a +0 mace.
You see here a scroll labelled LOAKLUAG JISCHU. 2 goblins come into view.
The goblin shouts!
Robin roars a battlecry!
The goblins go into a battle-frenzy!
The goblin unwields a +0 club.
The goblin wields a +0 sling.
The goblin shoots a sling bullet.
The sling bullet hits you.
Casting: Magic Dart (safe; 1% risk of failure)
Confirm with . or Enter, or press ? or * to list all spells.
The spell is quite dangerous to miscast (9% risk of failure)!
Continue anyway?
Casting: Dazzling Flash (quite dangerous; 9% risk of failure)
Press: ? - help, Dir - look around, f - activate The hobgoblin is dazzled.
A goblin comes into view. It is wielding a +0 dagger.
The hobgoblin barely misses you.
Casting: Dazzling Flash (quite dangerous; 9% risk of failure)
Confirm with . or Enter, or press ? or * to list all spells.
The spell is quite dangerous to miscast (9% risk of failure)!
Continue anyway?
Casting: Dazzling Flash (quite dangerous; 9% risk of failure)
Press: ? - help, Dir - look around, f - activate You miscast Dazzling Flash.
You are very lightly contaminated with residual magic.
Nothing appears to happen.
The hobgoblin misses you. The goblin attacks as you move away!
The goblin hits you but does no damage.
The goblin shoots a sling bullet.
The sling bullet hits you. Robin throws the goblin at you!
The goblin hits you but does no damage.
You hear a shout!
You see here a scroll labelled LOAKLUAG JISCHU.
The goblin hits you with a +0 club.
The hobgoblin is no longer blind.
Robin throws the goblin at you!
You closely miss the goblin. The goblin completely misses you.
The goblin barely misses you. The goblin hits you with a +0 club.
* * * LOW HITPOINT WARNING * * *
The hobgoblin closely misses you. The goblin hits you but does no damage.
The goblin hits you with a +0 club.
You die...

#### ########..........###
.#.# #.##.#.#.###.......#
.#.# #.##..............##
.#.# #.###.##.###.##.....
.#.####.# #.##.# #.# ..###
.#.##...###.##.# #.# ..#####
.#.####........###.##....)..
........###.....gggg........
##.####.# ####..@ggg.g......
#.# #.# ############### ##.#
#.# ...# ### ####


You could see Robin, 2 hobgoblins and 5 goblins.

Vanquished Creatures
  Jessica (D:2)
  A worm (D:2)
  2 dart slugs (D:1)
  5 ball pythons
  5 endoplasms
  2 giant cockroaches
  8 goblins
  4 hobgoblins (D:2)
  2 bats (D:1)
  3 frilled lizards (D:1)
  4 kobolds
  5 rats
42 creatures vanquished.

Notes
Turn   | Place    | Note
-------+----------+-------------------------------------------
     0 | D:1      | growler the Deep Elf Conjurer began the quest for the Orb.
     0 | D:1      | Reached XP level 1. HP: 10/10 MP: 6/6
   263 | D:1      | Reached XP level 2. HP: 15/15 MP: 3/8
   430 | D:1      | Learned a level 2 spell: Searing Ray
  1083 | D:2      | Reached skill level 5 in Conjurations
  1083 | D:2      | Reached XP level 3. HP: 19/19 MP: 7/10
  1212 | D:2      | Noticed Jessica
  1214 | D:2      | Killed Jessica
  1261 | D:2      | Learned a level 3 spell: Dazzling Flash
  1264 | D:2      | Noticed Sigmund
  1409 | D:2      | Reached XP level 4. HP: 24/24 MP: 5/12
  1486 | D:2      | Learned a level 4 spell: Fulminant Prism
  1713 | D:2      | Noticed Robin
  1721 | D:2      | Slain by a goblin

Illustrated notes

Levels and vault maps discovered:
D:1:      scummos_arrival_simple_crosswalls, layout_loops_ring,
          minmay_heptomino_h4
D:2:      layout_basic, uniq_crazy_yiuf_cottage, uniq_jessica, uniq_sigmund,
          uniq_robin

Skill      XL: |  1  2 |
---------------+-------+-----
Spellcasting   | 4 |  4.8
Conjurations   | 5 |  5.4
Dodging        | |  2.4
Stealth        | |  2.4

Action                   |  1- 3 |  4- 6 || total
-------------------------+-------+-------++-------
Melee: Unarmed           |       |     1 ||     1
 Cast: Magic Dart        |    53 |    14 ||    67
       Searing Ray       |     2 |       ||     2
       Dazzling Flash    |       |     1 ||     1
Armor: Robe              |       |     3 ||     3
Dodge: Dodged            |     1 |     6 ||     7
